Map: Dusk Towers

Players

LilDicky

  • Race: Terran Terran
  • League: Diamond

Dendariis - Winner!

  • Race: Zerg Zerg
  • League: Diamond

VOD

http://www.twitch.tv/tumescentpie

Description

Time

  • Played on: Jan. 3, 2016, 2:58 a.m.
  • Length: 12:48
Show
View Real Time Build Order
Export as new Build Order

LilDicky Terran 

Build Orders: Command Center First (CC), MMM Bio 

Get SALT Encoding   

  12  0:02  SCV  
  13  0:14  SCV  
  14  0:22  Supply Depot  
  14  0:32  SCV  
  15  0:44  SCV  
  16  1:07  Command Center  
  16  1:08  SCV  
  17  1:39  SCV  
  18  1:45  Command Center  
  18  1:51  SCV  
  19  2:02  Barracks  
  19  2:03  SCV  
  20  2:15  SCV  
  20  2:27  SCV  
  21  2:35  SCV  
  22  2:39  SCV  
  23  2:53  Marine  
  23  2:57  Command Center  
  24  3:05  Orbital Command x3  
  24  3:12  Refinery  
  24  3:13  Refinery  
  24  3:18  Marine  
  25  3:30  SCV  
  25  3:33  SCV x2  
  28  3:36  Marine  
  29  3:42  SCV  
  29  3:45  SCV  
  31  3:50  SCV  
  31  3:52  Orbital Command  
  31  3:53  Barracks  
  31  3:55  Barracks  
  32  4:06  Supply Depot  
  32  4:09  Marine  
  32  4:11  Orbital Command  
  32  4:23  SCV  
  33  4:26  Marine  
  34  4:34  SCV  
  34  4:35  SCV  
  36  4:44  Marine  
  36  4:45  SCV, Barracks x2, Marine  
  38  4:47  Supply Depot, Barracks  
  38  4:49  Supply Depot  
  40  4:57  SCV x2  
  42  5:00  SCV  
  42  5:01  Bunker  
  42  5:02  Marine  
  42  5:04  Barracks Tech Lab x2  
  43  5:13  Bunker  
  43  5:18  SCV x2  
  43  5:20  Marine  
  46  5:22  SCV  
  46  5:24  Engineering Bay, Marine  
  46  5:27  Engineering Bay  
  48  5:32  Marine  
  48  5:35  Marine x2  
  49  5:37  Combat Shields, Stimpack  
  49  5:38  Marine  
  49  5:41  Marine  
  52  5:43  SCV  
  52  5:44  Factory, Marine  
  54  5:50  Supply Depot  
  54  5:54  Terran Infantry Weapons Level 1  
  54  5:55  Terran Infantry Armor Level 1  
  54  5:56  SCV  
  54  5:57  SCV  
  56  5:59  SCV  
  56  6:00  SCV  
  56  6:01  Refinery  
  56  6:04  Marine  
  59  6:05  Barracks Reactor  
  59  6:06  Marine x2  
  59  6:08  Marine x2  
  59  6:09  SCV x2  
  65  6:15  SCV, Missile Turret  
  66  6:22  SCV, Marine  
  66  6:25  Barracks Reactor, Missile Turret  
  69  6:26  Barracks Reactor, Marine x2  
  69  6:29  Factory Reactor  
  69  6:30  Starport  
  70  6:34  SCV  
  70  6:37  SCV x2  
  70  6:39  Marine  
  73  6:40  Supply Depot  
  73  6:41  Missile Turret, Marine  
  73  6:42  Armory, Marine  
  73  6:43  SCV, Marine  
  73  6:44  Marine  
  79  6:52  SCV x3, Supply Depot  
  82  6:59  Marine x2  
  82  7:00  Barracks Tech Lab, Concussive Shells  
  82  7:01  Marine  
  84  7:02  Marauder x2  
  89  7:12  Marine x2  
  89  7:13  Missile Turret  
  91  7:15  Refinery  
  91  7:16  Refinery  
  91  7:17  SCV x2  
  93  7:23  Marauder x2  
  93  7:24  Marine x2  
  93  7:25  Marauder  
  93  7:27  Medivac  
  102  7:30  Marine x2  
  102  7:31  Supply Depot  
  104  7:38  Refinery  
  104  7:39  Supply Depot  
  104  7:40  Supply Depot  
  104  7:45  Medivac, Marauder x2  
  104  7:46  Missile Turret, Marauder  
  104  7:48  Supply Depot  
  104  7:50  Marine x2  
  114  7:51  Marine x2  
  114  7:53  Marine x2  
  114  7:56  Supply Depot  
  118  8:00  Medivac  
  118  8:02  Command Center  
  120  8:06  Marauder, Marine  
  120  8:07  Terran Infantry Weapons Level 2, Marine  
  120  8:08  Marine x2  
  120  8:10  Marine  
  120  8:11  Missile Turret  
  120  8:12  Marine  
  128  8:18  Marine  
  129  8:21  Marine  
  129  8:24  Marauder  
  129  8:26  Marine, Marauder  
  135  8:27  Marauder  
  135  8:29  Missile Turret  
  135  8:33  Marine x3  
  140  8:42  Marine x2  
  140  8:45  Marauder  
  140  8:47  Marauder  
  146  8:49  Marauder  
  148  9:07  Marauder  
  148  9:08  Marine  
  112  9:11  Marine  
  112  9:25  Marine x2  
  112  9:26  Marine x3, Marauder x2  
  112  9:28  Marine  
  112  9:29  Marine  
  123  9:41  SCV x3  
  123  9:42  Command Center, SCV, Marine x2  
  123  9:44  Marine x3  
  132  9:46  Marine, Marauder  
  132  9:47  Marauder  
  120  9:53  SCV  
  121  10:02  Marine x2  
  121  10:03  Liberator x2  
  123  10:17  Marine  
  123  10:18  Marine  
  123  10:19  Marine  
  98  10:21  SCV  
  98  10:23  Terran Infantry Armor Level 2  
  86  10:46  Liberator x2  
  86  10:47  Marine x3  
  86  10:49  Marine  
  75  10:54  Marine x2  
  75  10:57  Marine x2  
  77  10:58  Marauder  
  87  11:08  Orbital Command  
  73  11:19  Marine  
  73  11:20  Marine x7  
  73  11:21  Marauder  
  80  11:37  Marine  
  80  11:38  Marine  
  69  11:41  Orbital Command  
  69  11:43  Marine x2  
  71  11:54  Marine  
  71  11:55  Marine x6  
  78  12:01  Marine x2  
  80  12:11  Medivac  
  80  12:12  Marine, Medivac  
  80  12:13  Marine x5  
  90  12:19  Marine x2  
  90  12:20  Marine  
  90  12:22  SCV  
  79  12:30  Marine  
Show
View Real Time Build Order
Export as new Build Order

Dendariis Zerg - Winner!

Build Orders: Hatch First 

Get SALT Encoding   

  12  0:01  Drone  
  13  0:08  Drone  
  14  0:17  Overlord  
  14  0:23  Drone, Extractor  
  15  0:36  Drone x2  
  17  0:56  Drone  
  18  0:57  Hatchery  
  18  1:00  Drone  
  18  1:03  Extractor  
  17  1:08  Drone  
  18  1:23  Spawning Pool  
  17  1:31  Drone  
  17  1:32  Drone  
  19  1:42  Drone  
  20  1:47  Extractor  
  20  1:48  Drone  
  21  2:03  Drone  
  22  2:13  Drone  
  22  2:17  Queen x2  
  22  2:19  Metabolic Boost  
  26  2:25  Zergling x4  
  28  2:32  Overlord  
  28  2:56  Queen x2  
  32  3:01  Drone x2  
  32  3:02  Drone  
  35  3:07  Overlord  
  35  3:09  Hatchery  
  34  3:28  Drone  
  34  3:29  Drone x4  
  34  3:32  Drone  
  34  3:33  Drone x4  
  44  3:43  Overlord  
  44  3:52  Extractor  
  44  3:54  Extractor  
  42  3:56  Extractor  
  42  3:57  Spore Crawler  
  42  3:58  Drone x2  
  42  4:00  Spore Crawler  
  40  4:13  Drone  
  40  4:14  Drone x4  
  44  4:17  Drone x3  
  44  4:19  Lair  
  44  4:24  Drone  
  48  4:27  Drone  
  49  4:31  Drone  
  49  4:35  Drone x2  
  52  4:40  Drone  
  52  4:45  Evolution Chamber  
  52  4:46  Evolution Chamber  
  52  4:47  Zergling x12  
  57  4:54  Drone  
  57  4:58  Overlord  
  57  4:59  Overlord  
  58  5:14  Zerg Ground Armor Level 1, Zerg Melee Weapons Level 1  
  58  5:17  Baneling Nest  
  58  5:18  Drone  
  58  5:19  Drone x2  
  54  5:37  Drone x2  
  54  5:38  Drone x10  
  54  5:39  Infestation Pit  
  65  5:46  Overseer  
  65  5:58  Spore Crawler, Drone  
  65  5:59  Drone  
  65  6:00  Spore Crawler  
  65  6:02  Zergling x2  
  65  6:03  Overlord x2  
  65  6:04  Overlord x2, Centrifical Hooks  
  66  6:13  Extractor  
  66  6:15  Pathogen Glands  
  66  6:17  Zergling x2  
  66  6:23  Zergling x2  
  66  6:24  Zergling x20  
  77  6:43  Drone x9  
  77  6:45  Baneling x6  
  86  6:55  Infestor  
  86  6:56  Infestor x3  
  94  7:08  Zerg Melee Weapons Level 2  
  94  7:13  Hatchery  
  94  7:15  Overlord x3  
  93  7:16  Extractor  
  92  7:27  Hive, Zerg Ground Armor Level 2  
  93  7:37  Drone x3  
  93  7:38  Drone x7  
  93  7:39  Drone x2  
  104  8:07  Overlord x2  
  104  8:08  Zergling x4  
  104  8:09  Zergling x22  
  117  8:17  Extractor  
  117  8:19  Burrow  
  116  8:22  Extractor  
  115  8:33  Baneling  
  115  8:34  Baneling x5  
  115  8:41  Adrenal Glands  
  115  8:42  Ultralisk Cavern  
  115  8:43  Overlord  
  115  8:44  Overlord x2  
  85  9:15  Zergling x2  
  85  9:16  Zergling x36  
  94  9:27  Zerg Melee Weapons Level 3  
  94  9:28  Ultralisk  
  94  9:29  Ultralisk x2  
  94  9:30  Hatchery  
  108  9:36  Baneling x4  
  108  9:37  Infestor x2, Baneling  
  105  9:54  Zergling x14  
  105  9:55  Zergling x4  
  105  9:59  Chitinous Plating  
  108  10:17  Infestor x3  
  108  10:21  Zergling x10  
  112  10:22  Zergling x2  
  111  10:46  Hatchery  
  111  10:47  Ultralisk  
  111  10:48  Ultralisk x2  
  123  10:50  Hatchery  
  121  11:16  Ultralisk  
  121  11:17  Ultralisk  
  122  11:49  Zergling x2  
  122  11:50  Zergling x20  
  133  12:12  Drone  
  133  12:13  Drone  
Tags
 
Add a new tag
Caveats
  • Supply blocks, unpowered buildings, or Contaminate may cause inaccurate times.
  • Supply counts are checked every 10 seconds.